 Dungeon Crawl Stone Soup version 0.30.0-30-g96aa6591b8 (webtiles) character file.

Game seed: 10796381224691325452

73723 Peloso the Fencer (level 15, -17/141 HPs)
             Began as a Minotaur Fighter on June 27, 2023.
             Was a High Priest of Okawaru.
             Demolished by a dire elephant (23 damage)
             ... on level 4 of the Abyss.
             The game lasted 00:54:22 (21155 turns).

Peloso the Fencer (Minotaur Fighter)               Turns: 21155, Time: 00:54:23

Health: -17/141    AC: 28    Str: 32    XL:     15   Next: 4%
Magic:  16/16      EV: 10    Int:  7    God:    Okawaru [*****.]
Gold:   2082       SH:  7    Dex: 12    Spells: 14/14 levels left

rFire   + + .        b - +4 scimitar (flame)
rCold   + + +        d - +0 buckler {AC+3}
rNeg    . . .        K - +0 plate armour {rF+}
rPois   +            v - +3 crown of Dyrovepreva {rElec Int+2 SInv}
rElec   +            W - scarf {rC+ rF+}
rCorr   .            S - +3 pair of gauntlets of War {Slay+5}
SInv    +            (no boots)
Will    +....        R - amulet "Geuptil" {rC++ Regen+} Stlth
                     e - ring of poison resistance
HPRegen 1.23/turn    V - +6 ring of strength
MPRegen 0.15/turn

%: no passive effects
@: no status effects
A: horns 2, retaliatory headbutt
a: Renounce Religion, Heroism, Finesse, Duel


You were on level 4 of the Abyss.
You worshipped Okawaru.
Okawaru was extremely pleased with you.
You visited 4 branches of the dungeon, and saw 21 of its levels.
You visited the Abyss 1 time.
You also visited: Ossuary and Volcano.

You collected 2082 gold pieces.

Inventory:

Hand Weapons
 a - a +4 falchion
 b - a +4 scimitar of flaming (weapon)
 c - a +4 falchion
Armour
 d - a +0 buckler of protection (worn)
 v - the +3 crown of Dyrovepreva (worn) {rElec Int+2 SInv}
   (Okawaru gifted it to you on level 11 of the Dungeon)

   Int:       It affects your intelligence (+2).
   rElec:     It insulates you from electricity.
   SInv:      It lets you see invisible.
 y - +0 swamp dragon scales
 A - a +0 scale mail of cold resistance
 K - a +0 plate armour of fire resistance (worn)
 S - the +3 pair of gauntlets of War (worn) {Slay+5}
   (You found it on level 1 of the Lair of Beasts)

   Slay:      It affects your accuracy & damage with ranged weapons and melee
   (+5).
 W - a scarf of resistance (worn)
Jewellery
 e - a ring of poison resistance (left hand)
 f - a ring of protection from cold
 g - an amulet of the acrobat
 k - a ring of see invisible
 l - an amulet of regeneration
 D - an amulet of guardian spirit
 E - an amulet of reflection
 L - a ring of positive energy
 R - the amulet "Geuptil" (around neck) {rC++ Regen+}
   (You found it on level 11 of the Dungeon)

   [amulet of regeneration]

   rC:        It greatly protects you from cold.
   Regen:     It increases your rate of health regeneration.
 V - a +6 ring of strength (right hand)
Wands
 o - a wand of mindburst (11)
 r - a wand of iceblast (4)
 F - a wand of flame (19)
 H - a wand of polymorph (11)
 O - a wand of acid (16)
 T - a wand of digging (13)
Scrolls
 i - 2 scrolls of butterflies
 m - a scroll of enchant weapon
 n - a scroll of immolation
 q - 3 scrolls of amnesia
 w - 4 scrolls of teleportation
 z - 5 scrolls of enchant armour
 B - 4 scrolls of fog
 J - 4 scrolls of identify
 N - a scroll of poison
 Y - a scroll of magic mapping
 Z - a scroll of fear
Potions
 j - 6 potions of mutation
 p - 5 potions of flight
 s - 8 potions of curing
 t - 4 potions of magic
 u - 2 potions of haste
 x - 2 potions of berserk rage
 G - 2 potions of cancellation
 M - 8 potions of brilliance
 Q - 2 potions of heal wounds
 U - a potion of might
Miscellaneous
 C - a condenser vane
 P - a lightning rod (4/4)


   Skills:
 + Level 15.2 Fighting
 + Level 17.4 Long Blades
 + Level 3.4 Axes
 + Level 16.6 Armour
 + Level 5.4 Dodging
 + Level 1.5 Stealth
 + Level 14.0 Shields
 + Level 3.3 Invocations
 + Level 0.1 Evocations


You had 14 spell levels left.
You didn't know any spells.
Your spell library contained the following spells:

 Spells                   Type           Power      Damage    Failure   Level
 Slow                     Hex            0%         N/A       92%         1
 Sting                    Tmut/Pois      0%         1d3       92%         1
 Cigotuvi's Dreadful Rot  Necr/Pois/Air  0%         N/A       98%         2
 Poisonous Vapours        Pois/Air       0%         N/A       98%         2
 Sublimation of Blood     Necr           0%         N/A       98%         2
 Wereblood                Tmut           0%         N/A       98%         2
 Confusing Touch          Hex            0%         N/A       100%        3
 Frozen Ramparts          Ice            0%         1d1       100%        3
 Portal Projectile        Hex/Tloc       0%         N/A       100%        3
 Stone Arrow              Conj/Erth      0%         3d7       100%        3
 Vampiric Draining        Necr           0%         2d6       100%        3
 Dispel Undead            Necr           0%         3d6       100%        4
 Ice Form                 Ice/Tmut       0%         N/A       100%        4
 Olgreb's Toxic Radiance  Pois           0%         N/A       100%        4
 Passage of Golubria      Tloc           0%         N/A       100%        4
 Blade Hands              Tmut           0%         N/A       100%        5
 Silence                  Hex/Air        0%         N/A       100%        5
 Borgnjor's Revivificati  Necr           0%         N/A       100%        8
 Lehudib's Crystal Spear  Conj/Erth      0%         10d2      100%        8
 Necromutation            Tmut/Necr      0%         N/A       100%        8
 Death's Door             Necr           0%         N/A       100%        9
 Tukima's Dance           Hex            Unusable   N/A       N/A         3
 Animate Armour           Summ/Erth      Unusable   N/A       N/A         4
 Summon Ice Beast         Ice/Summ       Unusable   N/A       N/A         4
 Death Channel            Necr           Unusable   N/A       N/A         6
 Summon Hydra             Summ           Unusable   N/A       N/A         7

Dungeon Overview and Level Annotations

Branches:
Dungeon (13/15)            Temple (1/1) D:4            Lair (5/5) D:9
 Shoals (0/4) Lair:2        Snake (0/4) Lair:3        Slime (0/5) Lair:5
    Orc (2/2) D:9             Elf (0/3) Orc:2       Ossuary (visited)
Volcano (visited)
 Vaults: D:13-14

Altars:
Ashenzari
Cheibriados
Dithmenos
Elyvilon
Fedhas
Gozag
Hepliaklqana
Kikubaaqudgha
Makhleb
Nemelex Xobeh
Okawaru
Qazlal
Ru
Sif Muna
Trog
Uskayaw
Vehumet
Wu Jian
Xom
Yredelemnul
Zin
The Shining One

Shops:
Orc:2 [:=:

Annotations:
D:11 2 transporters, exclusion: ice statue, 00zero00's ghost, journeyman HOFi
D:12 3 runed translucent doors, ripuliukko's ghost, journeyman DEEE
Lair:1 exclusion: oklob plant


Innate Abilities, Weirdness & Mutations

You have a pair of horns on your head.
You reflexively headbutt those who attack you in melee.


Message History

The hellephant breathes flames at you. The blast of flame hits you!!
You resist.
* * * LOW HITPOINT WARNING * * *
You are no longer corroded.
The hellephant blinks!
The abyss shimmers again as the detected abyssal rune vanishes from your memory.
A dire elephant comes into view.
The dire elephant trumpets!
You hit the dire elephant. You burn the dire elephant.
You headbutt the dire elephant, but do no damage.
The dire elephant is lightly wounded.
You hit the dire elephant but do no damage.
The dire elephant is lightly wounded.
The dire elephant tramples you but does no damage.
The dire elephant barely misses you.
You slash the dire elephant! You burn the dire elephant.
The dire elephant is moderately wounded.
You block the dire elephant's attack.
The dire elephant trunk-slaps you but does no damage.
The ynoxinul gestures.
You hit the dire elephant. You burn the dire elephant.
The dire elephant is moderately wounded.
A large abomination comes into view.
You slash the dire elephant! You burn the dire elephant.
The dire elephant is moderately wounded.
The dire elephant tramples you!
* * * LOW HITPOINT WARNING * * *
You stumble backwards!
You hit the dire elephant but do no damage.
The dire elephant is moderately wounded.
The dire elephant tramples you!!
* * * LOW HITPOINT WARNING * * *
You stumble backwards!
You hit the dire elephant but do no damage.
The dire elephant is moderately wounded.
You hit the dire elephant. You burn the dire elephant.
You headbutt the dire elephant!
The dire elephant is heavily wounded.
The dire elephant tramples you!!
You die...

.#... .#. ....
... #... ..# ..
..# ##.## #.##
##...###...#
...#X...5#.3...#X
....Y..@Y.5......
...#.....#.....#.
##...###...##
#.### ....# #.
....# #. ...#. #
...# .###


You could see a hellephant, a dire elephant, a large abomination, a ynoxinul and
2 ufetubi.

Vanquished Creatures
  A fire giant (D:13)
  A deep elf annihilator (D:13)
  Fannar (Orc:1)
  Josephine (D:9)
  5 hydras
  A catoblepas (D:13)
  Harold (D:9)
  2 two-headed ogres
  2 centaur warriors (D:13)
  3 orc high priests (Orc:2)
  A deep troll earth mage (D:13)
  Sonja (Lair:3)
  Nergalle (Lair:3)
  Amaemon (Lair:1)
  11 skeletal warriors
  2 anaconda skeletons (Volcano)
  6 orc knights
  Pikel (D:6)
  A phantasmal warrior (D:13)
  2 deep elf pyromancers
  3 orc sorcerers (Orc:2)
  A salamander (Lair:3)
  3 ugly things
  3 cyclopes
  A manticore (D:12)
  3 black mambas
  An orange demon (Lair:1)
  5 gargoyles
  A torpor snail (Lair:4)
  Maggie (D:7)
  9 cane toads
  A kobold demonologist (D:12)
  An unseen horror (D:12)
  An efreet (D:13)
  11 komodo dragons
  4 rime drakes (Lair:4)
  8 hornets
  5 polar bears
  9 trolls
  6 dream sheep (Lair:5)
  10 blink frogs
  An alligator skeleton (Volcano)
  11 wyverns
  3 flying skulls (Volcano)
  13 spriggans (Lair:5)
  5 wraiths
  26 yaks
  3 vampire mosquitoes (D:12)
  6 basilisks
  6 steam dragons
  5 wargs
  Duvessa (D:6)
  15 water moccasins
  4 ice beasts
  24 orc warriors
  7 black bears
  5 boggarts (Lair:5)
  32 wolves
  9 ogres
  3 centaurs
  12 kobold brigands
  Blork the orc (D:4)
  A gnoll sergeant (D:7)
  14 scorpions
  7 bullfrogs
  23 wights
  Dowan (D:6)
  7 killer bees
  A spriggan skeleton (Volcano)
  16 howler monkeys
  2 electric eels (Lair:2)
  3 lava snakes (Lair:3)
  2 jellies
  A centaur zombie (Ossuary)
  9 hounds
  6 gnoll boudas
  A human zombie (Ossuary)
  Natasha (thrice) (D:3)
  5 iguanas
  A sleepcap (D:6)
  20 orc priests
  27 orc wizards
  5 hell rats (Lair:4)
  4 scorpion zombies (Ossuary)
  A naga skeleton (Volcano)
  3 mummies (Ossuary)
  8 gnolls
  9 adders
  2 shadow imps
  4 white imps
  3 ufetubi
  3 worms
  3 dart slugs
  85 orcs
  4 ball pythons
  5 bats
  6 endoplasms
  6 giant cockroaches
  7 goblins
  3 hobgoblins
  A jackal (D:5)
  4 quokkas
  9 frilled lizards
  A gnoll zombie (Ossuary)
  A goblin zombie (Ossuary)
  A hobgoblin zombie (Ossuary)
  32 kobolds
  2 kobold zombies (Ossuary)
  An orc zombie (Ossuary)
  7 rats
694 creatures vanquished.

Vanquished Creatures (others)
  An orc wizard (Orc:1)
  2 orcs
3 creatures vanquished.

Grand Total: 697 creatures vanquished

Notes
Turn   | Place    | Note
-------+----------+-------------------------------------------
     0 | D:1      | Peloso the Minotaur Fighter began the quest for the Orb.
     0 | D:1      | Reached XP level 1. HP: 19/19 MP: 0/0
   151 | D:1      | Reached XP level 2. HP: 15/27 MP: 1/1
   922 | D:2      | Reached XP level 3. HP: 33/33 MP: 2/2
   945 | D:2      | Identified the +1 sling of Dietwida {speed, rPois Dex+7}
  1047 | D:2      | Found a faded altar of an unknown god.
  1285 | D:3      | Reached skill level 3 in Long Blades
  1293 | D:3      | Reached XP level 4. HP: 31/40 MP: 3/3
  1334 | D:3      | Found a stormy altar of Qazlal.
  1334 | D:3      | Noticed Natasha
  1339 | D:3      | Killed Natasha
  1346 | D:3      | Reached skill level 4 in Long Blades
  1349 | D:3      | Found a burning altar of Makhleb.
  1419 | D:3      | Found a white marble altar of Elyvilon.
  1514 | D:3      | Reached XP level 5. HP: 47/47 MP: 4/4
  1670 | D:3      | Noticed Natasha
  1678 | D:3      | Killed Natasha
  1829 | D:3      | Noticed Natasha
  1837 | D:3      | Killed Natasha
  1838 | D:3      | Reached skill level 1 in Dodging
  1906 | D:4      | Noticed Blork the orc
  1914 | D:4      | Killed Blork the orc
  1920 | D:4      | Reached XP level 6. HP: 45/53 MP: 5/5
  1976 | D:4      | Found a staircase to the Ecumenical Temple.
  2016 | Temple   | Entered the Ecumenical Temple
  2021 | Temple   | Became a worshipper of Warmaster Okawaru
  2068 | D:4      | Reached skill level 5 in Long Blades
  2068 | D:4      | Reached skill level 5 in Armour
  2253 | D:4      | Reached skill level 5 in Fighting
  2385 | D:5      | Entered Level 5 of the Dungeon
  2521 | D:5      | Reached skill level 6 in Long Blades
  2551 | D:5      | Reached XP level 7. HP: 58/61 MP: 6/6
  2601 | D:5      | Reached skill level 5 in Shields
  2608 | D:5      | Reached * piety under Okawaru
  2792 | D:5      | HP: 3/61 [water moccasin (8)]
  2793 | D:5      | HP: 1/61 [water moccasin (3)]
  2800 | D:5      | Reached skill level 7 in Long Blades
  2850 | D:5      | Reached XP level 8. HP: 60/69 MP: 4/7
  3202 | D:5      | Reached skill level 8 in Long Blades
  3556 | D:6      | Found a sand-covered staircase.
  3572 | Ossuary  | Entered an ossuary
  3633 | Ossuary  | Reached ** piety under Okawaru
  3767 | Ossuary  | Reached XP level 9. HP: 57/77 MP: 8/8
  3889 | Ossuary  | Reached skill level 9 in Long Blades
  4205 | D:6      | Reached *** piety under Okawaru
  4266 | D:6      | Noticed Dowan
  4274 | D:6      | Killed Dowan
  4283 | D:6      | Noticed Duvessa
  4305 | D:6      | Killed Duvessa
  4306 | D:6      | Reached skill level 1 in Invocations
  4386 | D:6      | Found a glowing golden altar of the Shining One.
  4583 | D:6      | Found a snail-covered altar of Cheibriados.
  4655 | D:6      | Found a sparkling altar of Nemelex Xobeh.
  4736 | D:6      | Reached skill level 10 in Long Blades
  4906 | D:7      | Noticed Pikel
  4935 | D:6      | Killed Pikel
  4949 | D:7      | Found a basalt altar of Yredelemnul.
  4964 | D:7      | Reached **** piety under Okawaru
  4979 | D:7      | Reached XP level 10. HP: 86/86 MP: 9/9
  5113 | D:7      | Noticed Maggie
  5173 | D:7      | Reached skill level 10 in Armour
  5432 | D:7      | Noticed a two-headed ogre
  5472 | D:7      | Killed a two-headed ogre
  5473 | D:7      | Reached skill level 11 in Long Blades
  6010 | D:7      | Found a shimmering blue altar of Sif Muna.
  6012 | D:7      | Found an opulent altar of Gozag.
  6212 | D:7      | Killed Maggie
  6523 | D:8      | Found a hazy altar of Hepliaklqana.
  6660 | D:8      | Reached skill level 12 in Long Blades
  6707 | D:8      | Reached XP level 11. HP: 76/97 MP: 11/11
  7258 | D:9      | Found a runed translucent door.
  7423 | D:9      | Found a staircase to the Lair.
  7575 | D:9      | Found a runed translucent door.
  7737 | D:9      | Paralysed by a hornet for 1 turns
  7769 | D:9      | Found a staircase to the Orcish Mines.
  7912 | D:9      | Found a hide-covered altar of Uskayaw.
  8041 | D:10     | Entered Level 10 of the Dungeon
  8271 | D:10     | Reached skill level 13 in Long Blades
  8471 | D:10     | Reached ***** piety under Okawaru
  8506 | D:10     | Noticed a red ugly thing
  8633 | D:10     | Killed a red ugly thing
  8826 | D:10     | Found a broken altar of Ashenzari.
  9351 | D:11     | Found a transporter.
  9404 | D:11     | Noticed a tengu warrior
  9406 | D:11     | Noticed a two-headed ogre
  9410 | D:11     | Noticed a boulder beetle
  9414 | D:11     | Noticed 00zero00's ghost (journeyman HOFi)
  9422 | D:11     | Found a transporter.
  9448 | D:11     | Identified the amulet "Geuptil" {rC++ Regen+}
  9449 | D:11     | Noticed a skeletal warrior
  9450 | D:11     | Noticed a skeletal warrior
  9604 | D:10     | Killed a skeletal warrior
  9731 | Lair:1   | Entered Level 1 of the Lair of Beasts
  9750 | Lair:1   | Reached skill level 10 in Fighting
  9793 | Lair:1   | Found the +3 pair of gauntlets of War {Slay+5}
 10037 | Lair:1   | Reached skill level 10 in Shields
 10185 | Lair:1   | Reached XP level 12. HP: 106/106 MP: 12/12
 10198 | Lair:1   | Reached skill level 14 in Long Blades
 10289 | Lair:1   | Noticed Amaemon
 10317 | Lair:1   | Killed Amaemon
 10701 | Lair:1   | Found a blossoming altar of Fedhas.
 11189 | Lair:2   | Identified the +7 great sword of a Million Nightmares
                  | {antimagic, Will+} (Okawaru gifted it to you on level 2 of
                  | the Lair of Beasts)
 11189 | Lair:2   | Received a gift from Okawaru
 11592 | Lair:2   | Found a staircase to the Shoals.
 12286 | Lair:3   | Found a dark tunnel.
 12304 | Volcano  | Entered a volcano
 12583 | Volcano  | Identified the +1 robe "Nuefuips" {Int+5} (Okawaru gifted
                  | it to you in a volcano)
 12583 | Volcano  | Received a gift from Okawaru
 12919 | Volcano  | Reached skill level 15 in Long Blades
 13102 | Lair:3   | Found a staircase to the Snake Pit.
 13268 | Lair:3   | Noticed a four-headed hydra
 13288 | Lair:3   | Killed a one-headed hydra
 13289 | Lair:3   | Reached XP level 13. HP: 117/118 MP: 12/14
 13402 | Lair:3   | Noticed Sonja
 13410 | Lair:3   | Killed Sonja
 13839 | Lair:3   | Noticed Nergalle
 13856 | Lair:3   | Killed Nergalle
 14088 | Orc:1    | Entered Level 1 of the Orcish Mines
 14088 | Orc:1    | Noticed Fannar
 14092 | Orc:1    | Noticed Harold
 14092 | Orc:1    | Noticed Josephine
 14102 | D:9      | Killed Harold
 14259 | D:9      | Killed Josephine
 14259 | D:9      | Identified the +2 ring mail "Eschu" {Fly rCorr Int-3}
                  | (Okawaru gifted it to you on level 9 of the Dungeon)
 14259 | D:9      | Received a gift from Okawaru
 14350 | Orc:1    | Killed Fannar
 14669 | Orc:2    | Entered Level 2 of the Orcish Mines
 15456 | Orc:2    | Found a staircase to the Elven Halls.
 15700 | Orc:2    | Reached skill level 15 in Armour
 15759 | Orc:2    | Found Jicythak's Book Shop.
 15759 | Orc:2    | Found Xabe's Antique Armour Emporium.
 15761 | Orc:2    | Found Vuoffixt's Jewellery Shop.
 15761 | Orc:2    | Found Oningeidd's Book Emporium.
 16213 | D:12     | Reached skill level 16 in Long Blades
 16655 | D:12     | Found a runed translucent gate.
 16655 | D:12     | Found a runed translucent gate.
 16655 | D:12     | Found a runed translucent gate.
 16909 | D:12     | Noticed ripuliukko's ghost (journeyman DEEE)
 16966 | D:11     | Reached skill level 5 in Dodging
 16976 | D:11     | Reached XP level 14. HP: 116/130 MP: 15/15
 16985 | D:11     | Received a gift from Okawaru
 16985 | D:11     | Found the +3 crown of Dyrovepreva {rElec Int+2 SInv}
 18220 | Lair:4   | Reached skill level 1 in Axes
 18585 | Lair:5   | Entered Level 5 of the Lair of Beasts
 18791 | Lair:5   | Paralysed by a hornet for 2 turns
 19194 | Lair:5   | Reached skill level 1 in Stealth
 19361 | Lair:5   | Identified the +1 helmet of Mauludei {Rampage rElec Will+++
                  | Dex-4}
 19467 | Lair:5   | Identified the -1 cloak of Sin {MP+9 SInv}
 19517 | Lair:5   | Found a staircase to the Slime Pits.
 20379 | D:9      | Reached skill level 17 in Long Blades
 20400 | D:9      | Reached ****** piety under Okawaru
 20662 | D:11     | Received a gift from Okawaru
 20663 | D:11     | Reached skill level 15 in Fighting
 20892 | D:13     | Found a huge runed gate.
 20895 | D:13     | Found a huge runed gate.
 20895 | D:13     | Found a huge runed gate.
 20895 | D:13     | Found a huge runed gate.
 20895 | D:13     | Found a huge runed gate.
 20896 | D:13     | Found a huge runed gate.
 20896 | D:13     | Found a huge runed gate.
 20896 | D:13     | Found a huge runed gate.
 20921 | D:13     | Found a huge runed gate.
 20929 | D:13     | Noticed a tengu reaver
 20929 | D:13     | Noticed a fire giant
 20929 | D:13     | Noticed a fire giant
 20930 | D:13     | Noticed a tengu reaver
 20930 | D:13     | Noticed a tengu reaver
 20937 | D:13     | Noticed a ghost moth
 20940 | D:13     | a ghost moth changed into a death yak
 20977 | D:13     | Killed a fire giant
 20978 | D:13     | Reached XP level 15. HP: 76/141 MP: 13/16
 21116 | Abyss:4  | Noticed a hellephant
 21116 | Abyss:4  | Found a corrupted altar of Lugonu.
 21116 | Abyss:4  | Cast into level 4 of the Abyss (tengu reaver)
 21126 | Abyss:4  | HP: 6/141 [hellephant/blast of flame (30)]
 21153 | Abyss:4  | HP: 4/141 [dire elephant (19)]
 21155 | Abyss:4  | Demolished by a dire elephant

Illustrated notes

Levels and vault maps discovered:
D:1:      noname_arrival_rooms_in_the_neighbourhood, layout_basic
D:2:      layout_rooms, ebering_ecumenical_altar_box, minivault_19
D:3:      layout_loops_cross, lemuel_tele_altar, grunt_temple_overflow_open,
          uniq_natasha
D:4:      layout_cave_pools, temple_pool_b, hex_tiny, kennysheep_generic_room_7,
          uniq_blork_the_orc
D:5:      kennysheep_windowed_halls, layout_loops_cross, st_stairs_6,
          minmay_lizard_king
D:6:      layout_gridville, nemelex_dance_club_becter, tso_oasis_becter,
          mainiacjoe_overflow_surrounded_room, enter_ossuary_1, uniq_duvessa
D:7:      lemuel_castle_with_subvaults [lemuel_castle_interior_carwin_3],
          layout_rooms, gammafunk_temple_overflow_pools,
          mainiacjoe_overflow_cross_hatched, uniq_pikel, uniq_maggie
D:8:      layout_loops_cross, lemuel_crystal_altar
D:9:      cheibrodos_histonic, layout_basic, nicolae_uskayaw_dance_studio,
          david_lair_shrubbed, minmay_orc_entry_temple_small,
          serial_bayou_pond_e
D:10:     layout_basic, ashenzari_altar_1, grunt_decor_resistance,
          minmay_misc_feat_pillars
D:11:     layout_loops_corners, nzn_ghost_randoct
D:12:     layout_gridville, gammafunk_ghost_necromancy
D:13:     layout_roguey, door_vault
Temple:   hellmonk_temple_micro_hex
Lair:1:   layout_small_grid, tgw_fedhas, uniq_amaemon
Lair:2:   layout_layer_cave, shoals_dummy_entry, lemuel_fruit_fields,
          serial_bayou_shore_a, serial_bayou_shore_b
Lair:3:   layout_chaotic_city, nicolae_snake_entry_warm_welcome,
          enter_volcano_2, grunt_megastairs_4, uniq_sonja, uniq_nergalle
Lair:4:   layout_small_grid, special_room [special_room_mythical_zoo]
Lair:5:   minmay_lair_end_enchanted_forest, layout_regular_city, slime_entry_1,
          serial_rivers, chequers_serial_rivers_micro_b,
          chequers_serial_rivers_small_a, chequers_serial_rivers_micro_d,
          chequers_serial_rivers_micro_e
Orc:1:    layout_caves, uniq_harold, uniq_fannar, uniq_josephine
Orc:2:    grunt_orc_tribal_feast, layout_diamond_mine
Abyss:4:  base: Orc:2, base: D:9, base: D:1, evilmike_abyss_exit_11,
          spicy_abyss_rude_harpoons, minivault_19,
          evilmike_abyss_rune_elephants_shrine, minivault_22

Skill      XL: |  1  2  3  4  5  6  7  8  9 10 11 12 13 14 |
---------------+-------------------------------------------+-----
Armour         | 4 5 6 8 9 10 12 14 15 16 | 16.6
Fighting       | 4 5 6 7 9 10 12 13 15 | 15.2
Shields        | 4 5 6 7 8 10 11 12 14 | 14.0
Long Blades    | 3 4 6 7 8 10 12 13 15 16 17 | 17.4
Dodging        | 1 2 3 4 5 |  5.4
Invocations    | 1 2 3 |  3.3
Axes           | 3 |  3.4
Stealth        | 1 |  1.5
Evocations     | |  0.1

Action                     |  1- 3 |  4- 6 |  7- 9 | 10-12 | 13-15 || total
---------------------------+-------+-------+-------+-------+-------++-------
  Melee: Long sword        |   109 |   142 |   419 |   607 |       ||  1277
         Headbutt          |     8 |    23 |    76 |   269 |   304 ||   680
         Falchion          |       |       |       |   507 |  1036 ||  1543
         War axe           |       |       |       |     4 |    14 ||    18
         Scimitar          |       |       |       |       |    52 ||    52
 Invoke: Heroism           |       |       |     5 |    19 |    15 ||    39
  Evoke: Wand              |       |       |       |       |     2 ||     2
    Use: Potion            |     1 |       |     1 |     6 |       ||     8
         Scroll            |       |       |    10 |     8 |     8 ||    26
 Armour: Scale mail        |    55 |    49 |   134 |       |       ||   238
         Chain mail        |       |       |    44 |    46 |       ||    90
         Plate armour      |       |       |       |   495 |   581 ||  1076
         Skin              |       |       |       |    20 |       ||    20
  Dodge: Dodged            |    51 |    74 |   202 |   414 |   385 ||  1126
  Block: Buckler           |    28 |    28 |    99 |   316 |   343 ||   814
